Map: Kairos Junction LE

Players

ViBE - Winner!

  • Race: Protoss Protoss
  • League: Bronze
  • Spawn Location: 11:00

JeffQA

  • Race: Terran Terran
  • Spawn Location: 5:00

VOD

https://www.youtube.com/watch?v=p4Gq_KujG7s

Description

Time

  • Played on: Nov. 27, 2018, 6:11 p.m.
  • Length: 11:11
Show
View Real Time Build Order
Export as new Build Order

ViBE Protoss - Winner!

Build Orders: Colossus Rush 

Get SALT Encoding   

  12  0:01  Probe  
  13  0:13  Probe  
  14  0:19  Pylon  
  14  0:25  Probe  
  15  0:37  Probe  
  15  0:39  Gateway  
  16  0:46  Probe  
  17  0:52  Assimilator  
  17  0:55  Probe  
  17  1:04  Probe  
  18  1:06  Pylon  
  19  1:13  Probe  
  20  1:21  Probe  
  20  1:22  Assimilator  
  21  1:30  Probe  
  21  1:32  Cybernetics Core  
  22  1:42  Probe  
  23  1:59  Stalker  
  23  2:00  Nexus  
  25  2:19  Gateway  
  25  2:22  Probe  
  26  2:27  Warp Gate  
  26  2:29  Pylon  
  26  2:34  Probe  
  27  2:42  Stalker  
  29  2:47  Probe  
  30  2:59  Pylon  
  30  3:01  Probe  
  31  3:07  Sentry  
  31  3:11  Probe  
  31  3:12  Probe  
  33  3:14  Robotics Facility  
  33  3:19  Probe  
  35  3:20  Probe  
  37  3:28  Stalker  
  39  3:37  Probe x2  
  41  3:49  Probe x2, Assimilator  
  41  3:51  Assimilator  
  41  3:52  Pylon  
  43  3:56  Pylon  
  43  4:01  Stalker  
  43  4:02  Stalker  
  47  4:06  Observer  
  48  4:13  Probe x2  
  50  4:25  Probe x2  
  50  4:27  Robotics Bay  
  50  4:29  Gateway  
  50  4:31  Forge  
  52  4:43  Probe x2  
  52  4:44  Immortal  
  56  4:51  Probe x2  
  60  5:04  Protoss Ground Weapons Level 1  
  60  5:08  Stalker x2  
  60  5:10  Probe x2  
  66  5:23  Nexus  
  66  5:24  Pylon  
  66  5:29  Probe x2  
  66  5:34  Extended Thermal Lance  
  68  5:40  Colossus  
  74  5:44  Probe  
  74  5:45  Probe, Pylon  
  76  5:52  Probe  
  76  5:53  Probe  
  77  5:57  Stalker  
  77  5:58  Stalker  
  82  6:07  Probe x2  
  82  6:08  Pylon  
  84  6:11  Pylon  
  84  6:14  Stalker  
  86  6:32  Probe x2  
  88  6:34  Colossus  
  88  6:38  Stalker x2  
  88  6:39  Stalker  
  100  6:42  Protoss Ground Armor Level 1  
  100  6:49  Probe x3  
  103  6:55  Assimilator  
  103  6:57  Assimilator  
  103  6:59  Forge  
  103  7:01  Probe x3, Twilight Council  
  105  7:03  Protoss Ground Weapons Level 2  
  106  7:09  Gateway  
  106  7:16  Gateway  
  106  7:21  Probe x3  
  109  7:25  Gateway  
  109  7:28  Gateway  
  109  7:36  Colossus  
  115  7:41  Nexus  
  115  7:44  Probe  
  115  7:47  Charge, Pylon  
  116  7:52  Probe  
  116  7:53  Probe  
  118  8:03  Probe  
  118  8:05  Probe x2  
  121  8:07  Pylon  
  121  8:08  Pylon  
  121  8:11  Pylon  
  121  8:13  Stalker  
  121  8:14  Stalker x3  
  121  8:15  Stalker  
  131  8:26  Probe x2  
  131  8:27  Probe  
  134  8:33  Protoss Ground Armor Level 2  
  134  8:38  Probe x2, Colossus  
  142  8:45  Zealot x6  
  142  8:46  Zealot  
  156  8:56  Pylon  
  156  8:58  Pylon  
  156  9:00  Templar Archives  
  156  9:01  Pylon  
  156  9:12  Zealot x5  
  156  9:13  Zealot x2  
  170  9:18  Pylon  
  170  9:24  Pylon  
  170  9:31  Colossus  
  170  9:34  Zealot  
  170  9:35  Zealot x4  
  170  9:37  Zealot  
  188  9:39  Zealot  
  190  9:48  Assimilator  
  190  9:49  Assimilator  
  190  10:01  Zealot  
  190  10:02  Zealot x4  
  190  10:07  Gateway x2  
  200  10:08  Gateway  
  200  10:11  Gateway  
  200  10:12  Gateway  
  200  10:14  Gateway  
  198  11:02  Nexus  
  198  11:05  Pylon  
  198  11:07  Pylon  
Show
View Real Time Build Order
Export as new Build Order

JeffQA Terran 

Build Orders:  

Get SALT Encoding   

  12  0:03  SCV  
  13  0:15  SCV  
  14  0:22  Supply Depot  
  14  0:28  SCV  
  15  0:37  Refinery  
  15  0:43  SCV  
  15  0:44  Supply Depot  
  16  0:55  SCV  
  17  1:07  Supply Depot  
  17  1:08  SCV  
  18  1:26  Barracks  
  18  1:30  SCV  
  19  1:35  Refinery  
  19  1:38  Supply Depot  
  19  1:45  SCV  
  20  1:57  SCV  
  20  2:00  Supply Depot  
  21  2:10  SCV  
  21  2:13  Marine  
  23  2:24  Bunker  
  23  2:31  Marine  
  24  2:42  SCV  
  25  2:49  Marine  
  26  2:53  Engineering Bay  
  26  2:54  SCV  
  26  2:55  Bunker  
  27  3:06  Marine  
  28  3:24  Marine  
  29  3:31  Missile Turret  
  29  3:42  Marine  
  30  3:52  Missile Turret  
  30  3:55  Supply Depot  
  30  4:00  Marine  
  31  4:18  Supply Depot, Marine, Sensor Tower  
  32  4:37  SCV  
  33  4:41  Supply Depot, Barracks Tech Lab  
  33  4:49  Sensor Tower  
  33  5:08  Factory, Combat Shield  
  33  5:15  Marauder  
  35  5:26  Missile Turret  
  35  5:36  Marauder  
  37  5:49  Missile Turret  
  37  5:52  Missile Turret  
  37  5:57  Marauder  
  39  6:11  Missile Turret  
  39  6:12  Missile Turret  
  39  6:19  Marauder  
  41  6:28  Stimpack  
  41  6:30  Terran Infantry Weapons Level 1  
  41  6:31  Armory  
  41  6:36  Factory Tech Lab  
  41  6:37  Missile Turret  
  41  6:40  Marauder  
  43  6:48  Factory  
  43  6:59  Missile Turret  
  43  7:13  Command Center  
  43  7:23  Thor  
  43  7:27  Smart Servos  
  49  7:37  Factory Tech Lab  
  49  7:49  Refinery  
  49  7:51  Refinery  
  49  8:12  Starport  
  49  8:25  Terran Infantry Armor Level 1  
  49  8:28  Concussive Shells  
  52  8:34  Siege Tank  
  52  8:44  Terran Vehicle And Ship Armor Level 1  
  52  9:06  Siege Tank  
  55  9:15  Bunker  
  55  9:58  Command Center  
  55  10:07  Starport Tech Lab  
  55  10:11  Siege Tank  
Tags
 
Add a new tag
Caveats
  • Supply blocks, unpowered buildings, or Contaminate may cause inaccurate times.
  • Supply counts are checked every 10 seconds.